Map: Línea Aguablanca EE

Players

MrFercho

  • Race: Zerg Zerg
  • League: Silver
  • Spawn Location: 1:00

TATORREA

  • Race: Protoss Protoss
  • League: Silver
  • Spawn Location: 12:00

tigro

  • Race: Terran Terran
  • Spawn Location: 1:00

JOTE - Winner!

  • Race: Terran Terran
  • Spawn Location: 6:00

maanlogo - Winner!

  • Race: Terran Terran
  • League: Gold
  • Spawn Location: 7:00

julioqui - Winner!

  • Race: Terran Terran
  • League: Silver
  • Spawn Location: 7:00

VOD

Have the link to the VOD?

Description

Time

  • Played on: May 15, 2020, 9:26 p.m.
  • Length: 17:13
Show
View Real Time Build Order
Export as new Build Order

MrFercho Zerg 

Build Orders: Pool First 

Get SALT Encoding   

  12  0:04  Drone  
  13  0:20  Overlord  
  13  0:21  Drone  
  14  0:30  Drone, Extractor  
  14  0:40  Extractor  
  13  0:44  Drone x2  
  15  0:55  Spawning Pool  
  15  0:56  Drone  
  15  1:05  Drone  
  16  1:23  Drone  
  17  1:29  Drone  
  18  1:39  Hatchery  
  17  1:41  Drone  
  17  1:46  Drone  
  19  1:57  Overlord  
  19  2:25  Drone x2  
  21  2:36  Lair  
  21  2:41  Drone  
  22  2:54  Spine Crawler  
  22  2:57  Hatchery  
  20  3:03  Spine Crawler, Drone x2  
  21  3:07  Drone  
  22  3:20  Drone x3  
  25  3:37  Drone x3  
  28  3:42  Extractor  
  28  3:45  Drone x2  
  28  3:46  Extractor  
  28  3:57  Infestation Pit  
  28  4:02  Spire  
  26  4:13  Drone x2  
  26  4:16  Drone x3  
  31  4:25  Queen  
  33  4:34  Drone x2  
  35  4:39  Hive  
  35  4:58  Drone x4  
  35  4:59  Drone x2  
  41  5:08  Spine Crawler  
  40  5:15  Spine Crawler  
  40  5:16  Spine Crawler  
  38  5:28  Hatchery  
  38  5:30  Drone x3  
  40  5:36  Hatchery  
  39  5:51  Spire  
  39  5:56  Zerg Flyer Weapons Level 1  
  38  6:04  Spire  
  37  6:20  Evolution Chamber  
  37  6:23  Drone  
  37  6:24  Drone x3  
  37  6:25  Drone x2  
  42  6:29  Overlord x3  
  39  7:18  Mutalisk  
  39  7:19  Mutalisk x5  
  46  7:26  Drone x3  
  40  7:40  Lair  
  40  7:47  Spire  
  40  7:51  Spire  
  38  8:23  Spawning Pool  
  37  8:31  Corruptor  
  37  8:32  Corruptor x3  
  24  9:36  Lair  
  22  9:44  Hatchery  
  19  9:46  Hatchery  
  19  9:47  Drone x2  
  19  9:48  Drone  
  19  9:50  Hatchery  
  19  9:51  Hatchery  
  15  10:19  Extractor  
  14  10:24  Extractor  
  14  10:26  Drone x3  
  16  10:39  Overlord  
  14  11:17  Mutalisk x4  
  22  11:42  Mutalisk  
  22  11:43  Mutalisk x3  
  30  12:04  Zergling x4  
  30  12:05  Zergling x22  
  43  12:26  Metabolic Boost  
  43  12:28  Mutalisk  
  43  12:29  Mutalisk x2  
  49  12:59  Mutalisk x5  
  49  13:00  Mutalisk  
  61  13:11  Overlord x4  
  61  13:30  Mutalisk  
  61  13:31  Mutalisk x12  
  61  13:32  Mutalisk  
  51  15:54  Hatchery  
Show
View Real Time Build Order
Export as new Build Order

TATORREA Protoss 

Build Orders:  

Get SALT Encoding   

  12  0:01  Probe  
  13  0:28  Probe  
  14  0:34  Pylon  
  14  0:41  Probe  
  15  1:01  Probe  
  16  1:10  Gateway  
  16  1:34  Probe  
  17  1:52  Probe, Gateway  
  18  2:00  Pylon  
  18  2:04  Probe, Assimilator  
  19  2:08  Zealot  
  19  2:09  Nexus  
  21  2:16  Probe  
  22  2:24  Cybernetics Core  
  22  2:26  Forge  
  22  2:42  Assimilator  
  22  2:43  Probe  
  23  2:49  Zealot x2  
  27  2:56  Probe  
  28  3:09  Probe  
  29  3:16  Stalker  
  31  3:20  Stalker, Warp Gate  
  31  3:25  Probe  
  34  3:29  Probe  
  35  3:37  Probe  
  35  3:39  Protoss Ground Weapons Level 1  
  35  3:41  Probe  
  37  4:01  Probe x2, Pylon  
  39  4:09  Twilight Council  
  39  4:12  Assimilator  
  39  4:13  Probe x2  
  41  4:22  Stalker  
  43  4:25  Probe x2, Stalker  
  47  4:37  Probe x2  
  43  5:28  Probe x2  
  45  5:40  Probe x2  
  45  5:41  Stargate  
  47  5:45  Robotics Facility  
  47  5:50  Pylon  
  47  5:54  Pylon  
  47  5:58  Pylon  
  47  6:02  Pylon  
  47  6:09  Pylon  
  47  6:11  Probe x2  
  48  6:12  Pylon  
  48  6:16  Protoss Ground Weapons Level 2  
  49  6:19  Charge  
  49  6:20  Pylon  
  49  6:23  Stalker, Pylon  
  49  6:24  Stalker  
  53  6:28  Protoss Air Weapons Level 1, Pylon  
  53  6:31  Pylon  
  53  6:32  Oracle  
  56  6:35  Immortal  
  56  6:36  Pylon  
  60  6:40  Pylon  
  60  6:41  Assimilator  
  60  7:01  Stalker  
  60  7:02  Stalker  
  64  7:26  Stalker x2  
  68  7:34  Robotics Bay  
  68  7:36  Fleet Beacon  
  61  8:06  Void Ray  
  61  8:08  Immortal  
  53  8:34  Stalker x2  
  41  9:07  Stalker x2  
  49  9:35  Stalker  
  49  9:36  Stalker  
Show
View Real Time Build Order
Export as new Build Order

tigro Terran 

Build Orders:  

Get SALT Encoding   

  12  0:02  SCV  
  13  0:14  SCV  
  14  0:25  Supply Depot  
  14  0:26  SCV  
  15  0:36  Refinery  
  15  0:46  SCV  
  16  0:56  Barracks  
  16  1:04  SCV  
  17  1:16  SCV, Refinery  
  18  1:25  Supply Depot  
  18  1:28  SCV  
  19  1:40  SCV  
  20  1:49  Marine  
  21  2:00  Barracks  
  21  2:07  Marine  
  22  2:16  SCV  
  23  2:25  Marine  
  23  2:28  SCV  
  25  2:31  Engineering Bay  
  25  2:40  SCV  
  25  2:42  Marine  
  27  2:52  SCV  
  28  2:59  Barracks Tech Lab  
  28  3:00  Marine  
  29  3:20  Orbital Command  
  29  3:23  Command Center  
  29  3:35  Terran Infantry Weapons Level 1  
  29  3:42  Factory, Barracks Tech Lab  
  29  4:13  Marine  
  29  4:16  Marine  
  31  4:30  Factory Tech Lab  
  31  4:31  Marine  
  31  4:33  Refinery  
  31  4:34  SCV, Marine  
  34  4:42  Supply Depot  
  34  4:49  Marine  
  34  4:52  Marine  
  36  4:59  Refinery  
  36  5:04  Planetary Fortress  
  36  5:07  Marine  
  36  5:09  Supply Depot  
  37  5:25  Marine  
  38  5:29  Terran Infantry Armor Level 1  
  38  5:37  Armory  
  38  5:39  Combat Shield  
  38  5:41  Stimpack  
  38  5:50  SCV  
  39  6:02  SCV  
  40  6:14  SCV  
  41  6:26  SCV, Thor  
  41  6:29  Starport, Marine  
  49  6:33  Marine  
  49  6:38  SCV  
  51  6:47  Marine  
  51  6:50  SCV, Marine  
  54  6:58  Concussive Shells  
  54  7:02  SCV  
  54  7:05  Marine  
  56  7:08  Marine  
  57  7:23  Marine  
  57  7:26  Marine  
  46  7:41  Marine  
  47  7:44  Marine  
  45  7:59  Marine  
  45  8:02  Marine  
  46  8:07  Starport Tech Lab  
  46  8:16  Marine  
  44  8:20  Marine  
  35  8:34  Marine  
  35  8:37  Marine  
  36  8:43  Viking  
  37  8:50  Siege Tank  
  37  8:52  Marine  
  40  8:56  Marauder  
  40  9:10  Marine  
  40  9:13  Viking  
  41  9:17  Marauder  
  41  9:22  Siege Tank  
  41  9:39  Marauder  
  38  9:54  Siege Tank  
  38  9:57  Starport Tech Lab  
  41  10:00  Marauder  
  43  10:21  Marauder  
  43  10:43  Marauder  
  42  11:04  Marauder  
  32  11:42  Fusion Core  
  24  11:48  Viking  
  24  11:53  Marine  
Show
View Real Time Build Order
Export as new Build Order

JOTE Terran - Winner!

Build Orders:  

Get SALT Encoding   

  12  0:29  Supply Depot  
  12  0:46  SCV  
  13  0:59  SCV  
  13  1:01  Barracks  
  14  1:11  SCV  
  15  1:23  SCV  
  16  1:34  Refinery  
  16  1:35  SCV  
  17  1:53  Supply Depot  
  17  1:55  Marine  
  18  2:13  Marine  
  18  2:14  Refinery  
  18  2:15  SCV  
  20  2:27  SCV  
  21  2:31  Marine  
  22  2:38  Command Center  
  22  2:39  SCV  
  23  2:49  Marine  
  24  2:51  SCV  
  25  3:03  SCV  
  26  3:07  Marine  
  27  3:20  Supply Depot  
  27  3:32  Barracks Reactor  
  27  3:45  Orbital Command  
  27  3:46  Factory  
  27  4:11  Engineering Bay  
  27  4:14  Marine x2  
  29  4:27  SCV  
  30  4:32  Marine x2  
  32  4:38  Terran Infantry Weapons Level 1  
  32  4:39  SCV  
  33  4:48  Missile Turret  
  33  4:50  Marine x2  
  33  4:51  SCV  
  36  5:03  SCV  
  37  5:07  Marine  
  37  5:08  Marine  
  37  5:10  Factory Tech Lab  
  39  5:15  SCV  
  39  5:19  Missile Turret  
  40  5:37  SCV  
  41  5:45  Missile Turret  
  41  5:49  SCV  
  42  5:51  Refinery  
  42  5:56  Refinery  
  42  5:57  Marine x2  
  42  6:01  SCV  
  45  6:10  Starport  
  45  6:13  SCV, Missile Turret  
  45  6:14  Marine  
  45  6:15  Marine  
  48  6:25  SCV  
  49  6:32  Marine  
  49  6:33  Marine  
  51  6:50  Marine x2  
  53  7:18  Starport Tech Lab  
  53  7:23  Fusion Core  
  53  7:34  SCV  
  54  7:46  SCV  
  55  7:52  Supply Depot  
  55  7:57  Medivac  
  57  8:19  Starport  
  57  8:24  Marine  
  57  8:25  Marine  
  59  8:27  Liberator  
  62  8:36  Supply Depot  
  62  8:42  Marine x2  
  64  9:00  Marine x2  
  66  9:10  Banshee  
  67  9:18  Marine x2  
  66  9:49  Marine x2  
  68  9:56  Battlecruiser  
  74  10:07  Marine x2  
  74  10:10  Armory  
  76  10:25  Marine x2  
  78  10:43  Marine x2  
  80  11:00  Battlecruiser  
  85  12:04  Battlecruiser  
  90  14:21  Battlecruiser  
  44  15:25  Battlecruiser  
Show
View Real Time Build Order
Export as new Build Order

maanlogo Terran - Winner!

Build Orders:  

Get SALT Encoding   

  12  0:20  Supply Depot  
  12  0:23  SCV  
  13  0:35  SCV  
  14  0:45  Barracks  
  14  0:56  SCV  
  15  1:01  Refinery  
  15  1:04  Refinery  
  15  1:08  SCV  
  16  1:20  SCV  
  17  1:32  SCV  
  18  1:44  SCV, Supply Depot  
  19  1:56  SCV  
  19  2:01  Barracks Reactor  
  20  2:08  SCV  
  21  2:17  Factory  
  21  2:20  SCV  
  22  2:32  SCV  
  22  2:42  Marine  
  22  2:43  Marine  
  24  2:44  SCV  
  25  2:54  Supply Depot  
  25  2:59  Orbital Command  
  25  3:00  Marine x2  
  25  3:04  Factory Tech Lab  
  27  3:18  Supply Depot, Marine x2  
  29  3:25  Siege Tank  
  32  3:36  Marine x2  
  32  3:38  Starport  
  34  3:45  Supply Depot  
  34  3:57  Siege Tank  
  34  3:58  Marine x2  
  39  4:17  Starport Reactor  
  39  4:29  Siege Tank  
  42  4:31  Marine  
  42  4:32  Marine  
  44  4:49  Marine x2  
  46  4:57  Medivac x2  
  50  5:07  Marine x2  
  52  5:25  Marine  
  52  5:27  Medivac x2  
  57  5:29  Siege Tank  
  60  5:36  Marine  
  61  5:43  Marine  
  48  8:50  Viking x2  
  52  9:02  Widow Mine  
  47  9:20  Viking  
  47  9:24  Widow Mine  
  47  9:43  Viking  
  42  10:13  Viking  
  36  10:52  Command Center  
  36  10:55  Starport Reactor  
  28  12:11  Viking x2  
  28  12:40  Viking  
  28  12:41  Viking  
  32  13:02  Refinery  
  32  13:04  Starport  
  32  13:07  Starport  
  32  13:10  Viking  
  32  13:11  Viking  
  37  13:12  SCV  
  37  13:24  SCV  
  38  13:37  SCV  
  38  13:40  Viking  
  38  13:41  Viking  
  43  13:43  Starport Reactor  
  43  13:48  Starport Reactor  
  43  13:49  SCV, Refinery  
  44  14:01  SCV  
  45  14:22  Viking x2  
  49  14:27  Viking x2  
  49  14:52  Viking x2  
  37  14:57  Viking x2  
  39  15:04  Viking  
  32  15:39  Marine x2  
  32  15:45  Widow Mine  
  24  15:57  Marine x2  
  21  16:14  Marine  
  21  16:15  Marine  
  21  16:32  Marine x2  
  23  16:41  SCV  
  24  16:50  Marine x2  
  24  16:53  SCV  
Show
View Real Time Build Order
Export as new Build Order

julioqui Terran - Winner!

Build Orders: 2 Factory 

Get SALT Encoding   

  12  0:01  SCV  
  13  0:16  SCV  
  14  0:26  Supply Depot  
  14  0:34  SCV  
  15  0:47  SCV  
  16  0:52  Refinery  
  16  1:01  Barracks  
  16  1:15  SCV  
  16  1:16  Supply Depot  
  17  1:26  Refinery  
  17  1:27  SCV  
  18  1:50  Orbital Command, Barracks  
  18  1:55  Factory  
  18  2:33  Barracks Reactor  
  18  2:42  SCV  
  19  2:51  Factory Tech Lab  
  19  2:54  SCV  
  19  2:57  Factory  
  20  3:02  Supply Depot  
  20  3:06  SCV  
  20  3:08  Barracks Tech Lab  
  20  3:11  Marine x2  
  23  3:14  Siege Tank  
  26  3:28  Starport, Marine  
  26  3:29  Marine  
  29  3:34  SCV  
  29  3:40  Marine  
  30  3:44  Factory Tech Lab  
  30  3:46  SCV, Marine  
  32  3:58  SCV  
  33  4:06  Starport Reactor  
  33  4:25  Siege Tank x2  
  31  5:14  Medivac x2  
  31  5:20  Command Center  
  34  5:29  Siege Tank  
  34  5:30  Engineering Bay  
  34  5:33  SCV  
  38  5:45  SCV  
  39  6:00  Refinery  
  39  6:32  Viking x2, SCV, Marauder, Marine x2  
  48  6:44  SCV  
  49  6:49  Marine x2  
  49  6:54  Marauder  
  53  6:56  SCV  
  54  7:26  Siege Tank  
  54  7:29  Marine  
  51  7:30  Marauder  
  51  7:32  Marine  
  52  7:38  Orbital Command  
  52  7:47  Marine  
  52  7:49  Marine  
  54  8:19  Supply Depot  
  54  8:24  Command Center  
  54  8:40  Marine x3  
  54  8:41  Supply Depot, Siege Tank  
  62  8:48  Siege Tank  
  56  8:58  Marine x2  
  56  8:59  Marauder  
  59  9:05  Supply Depot  
  55  9:16  Marine x2  
  53  9:20  Marauder, Siege Tank  
  58  9:28  Supply Depot  
  58  9:31  SCV  
  58  9:34  SCV, Marine x2  
  62  9:41  Marauder  
  62  9:43  SCV  
  65  9:46  SCV  
  66  9:55  SCV  
  66  9:58  SCV, Medivac x2  
  72  10:00  Siege Tank x2  
  72  10:03  Marauder  
  80  10:08  SCV  
  80  10:10  SCV  
  80  10:11  Orbital Command  
  82  10:20  SCV  
  81  10:22  SCV  
  81  10:32  Siege Tank x2  
  87  10:47  SCV  
  88  10:51  Marauder  
  88  10:52  Marine x2  
  92  11:00  SCV  
  93  11:04  Siege Tank  
  93  11:08  Concussive Shells  
  93  11:09  Marine  
  93  11:10  Marine  
  98  11:12  SCV  
  98  11:13  Marauder  
  98  11:16  Refinery  
  101  11:31  Marine  
  101  11:32  Marine  
  101  11:33  SCV  
  101  11:35  Marauder  
  99  11:45  SCV  
  100  11:49  Marine  
  101  12:14  Stimpack  
  101  12:22  Refinery  
  101  13:54  Combat Shield  
  101  14:12  Supply Depot  
  101  14:33  SCV, Marauder, Marine x2, Siege Tank  
  101  14:35  Supply Depot  
  109  14:50  SCV  
  109  14:51  Marine x2  
  109  14:52  Siege Tank  
  108  14:55  Marauder  
  108  14:59  Supply Depot  
  107  15:03  SCV  
  107  15:05  Siege Tank  
  111  15:09  Marine x2  
  113  15:15  SCV  
  113  15:16  Marine  
  104  15:22  Supply Depot  
  104  15:24  Siege Tank  
  104  15:26  Marine  
  104  15:27  SCV, Marine  
  92  15:34  Marine  
  90  15:37  Siege Tank  
  90  15:40  Viking x2  
  97  15:44  Marine  
  97  15:45  Supply Depot, Marine  
  97  15:49  Missile Turret  
  99  15:51  Marine  
  99  15:56  Siege Tank  
  103  15:58  Missile Turret  
  103  16:02  Marine x2  
  105  16:08  Supply Depot  
  105  16:09  Marine  
  105  16:10  Viking x2  
  110  16:16  Missile Turret  
  110  16:20  Missile Turret, Marine x2  
  102  16:36  Missile Turret  
  102  16:39  Viking  
  102  16:40  Viking  
  102  16:41  Missile Turret  
Tags
 
Add a new tag
Caveats
  • Supply blocks, unpowered buildings, or Contaminate may cause inaccurate times.
  • Supply counts are checked every 10 seconds.